 Dungeon Crawl Stone Soup version 0.21-a0-551-g3327e8e (webtiles) character file.

15400 Lasiace the Fighter (level 12, -7/145 HPs)
             Began as an Ogre Skald on Dec 16, 2017.
             Was a High Priest of Okawaru.
             Mangled by a seven-headed hydra (9 damage)
             ... on level 3 of the Lair of Beasts.
             The game lasted 01:26:52 (17418 turns).

Lasiace the Fighter (Ogre Skald)                   Turns: 17418, Time: 01:26:52

Health: -7/145     AC:  6    Str: 18    XL:     12   Next: 26%
Magic:  14/18      EV: 16    Int: 17    God:    Okawaru [*****.]
Gold:   611        SH:  0    Dex: 12    Spells: 10/19 levels left

rFire    + . .     SeeInvis .   p - +3 dire flail (freeze) (curse)
rCold    + . .     Gourm    .   (shield currently unavailable)
rNeg     + . .     Faith    .   q - +1 robe {rC+ rF+}
rPois    +         Spirit   .   k - +1 hat {Int+3}
rElec    .         Reflect  .   d - +0 cloak
rCorr    .         Harm     .   (gloves unavailable)
MR       ++...     Clarity  +   (boots unavailable)
Stlth    +++.......             I - amulet of magic regeneration
HPRegen  0.34/turn              Y - ring of protection from magic
MPRegen  0.41/turn              K - ring of positive energy

@: heroism, infused, very slightly contaminated, invisible
A: large, unfitting armour, hooves 1, blurry vision 1, clarity, poison
resistance, robust 1, tough skin 1, wild magic 1
a: Heroism, Finesse, Renounce Religion


You were on level 3 of the Lair of Beasts.
You worshipped Okawaru.
Okawaru was extremely pleased with you.
You were hungry.

You visited 3 branches of the dungeon, and saw 14 of its levels.

You collected 611 gold pieces.

Inventory:

Hand Weapons
 a - a +3 flail of draining
 p - a cursed +3 dire flail of freezing (weapon)
 J - a +0 dire flail of holy wrath
Missiles
 b - 4 steel tomahawks (quivered)
 f - 6 poisoned javelins {@Q9 @f9}
 g - 10 tomahawks of returning
 r - 8 tomahawks {@Q8 @f8}
 C - 5 poisoned tomahawks
 M - 6 silver javelins {@Q9 @f9}
 P - 10 large rocks {@Q6 @f6}
Armour
 d - a +0 cloak (worn)
 k - a +1 hat of intelligence (worn)
 q - a +1 robe of resistance (worn)
 D - a +2 robe of the Archmagi
 Q - a +2 hat of see invisible
Jewellery
 I - an amulet of magic regeneration (around neck)
 K - a ring of positive energy (right hand)
 L - a +3 ring of intelligence
 U - the amulet of the Air {Inacc +Fly rElec EV+5 RMsl}
   (You found it on level 9 of the Dungeon)

   [amulet of inaccuracy]

   It reduces the accuracy of all your attacks.
   It affects your evasion (+5).
   It insulates you from electricity.
   It lets you fly.
   It protects you from missiles.
 Y - a ring of protection from magic (left hand)
Wands
 u - a wand of disintegration (9)
 A - a wand of polymorph (42)
 F - a wand of paralysis (14)
Scrolls
 i - 2 scrolls of remove curse
 l - 2 scrolls of noise {unknown}
 n - a scroll of fog
 o - 5 scrolls of teleportation {@r3 !r}
 t - 2 scrolls of magic mapping {unknown}
 v - 2 scrolls of amnesia {unknown}
 y - a scroll of immolation {unknown}
 G - 2 scrolls of fear
 R - 2 scrolls of enchant weapon
 S - a scroll of enchant armour {unknown}
Potions
 c - 4 potions of heal wounds {@q1}
 e - 2 potions of might
 h - a potion of mutation {!q}
 j - 3 potions of haste
 m - 2 potions of magic
 z - 2 potions of curing {@q2}
 H - a potion of ambrosia
 N - a potion of berserk rage {!q}
Books
 B - a book of Battle

   Spells                             Type                      Level
   a - Infusion                       Charms                       1
   b - Shroud of Golubria             Charms/Translocation         2
   c - Song of Slaying                Charms                       2
   d - Spectral Weapon                Hexes/Charms                 3
   e - Regeneration                   Charms/Necromancy            3
 E - a book of Necromancy

   Spells                             Type                      Level
   a - Pain                           Necromancy                   1
   b - Animate Skeleton               Necromancy                   1
   c - Vampiric Draining              Necromancy                   3
   d - Regeneration                   Charms/Necromancy            3
   e - Animate Dead                   Necromancy                   4
   f - Control Undead                 Necromancy                   4
Comestibles
 s - 3 meat rations
 w - 5 royal jellies
 x - 13 bread rations
 T - 15 chunks of flesh


   Skills:
 - Level 12.1(17.1) Fighting
 - Level 9.0(14.0) Maces & Flails
 - Level 8.0(13.0) Throwing
 - Level 8.0(13.0) Dodging
 - Level 4.0 Spellcasting
 + Level 0.3 Hexes
 - Level 6.1 Charms
 - Level 6.1 Invocations


You had 10 spell levels left.
You knew the following spells:

 Your Spells              Type           Power        Failure   Level  Hunger
a - Infusion              Chrm           ####         2%          1    None
d - Spectral Weapon       Hex/Chrm       ###.....     19%         3    ###....
g - Song of Slaying       Chrm           ####....     3%          2    ##.....
h - Regeneration          Chrm/Necr      ###.......   19%         3    ###....


Dungeon Overview and Level Annotations

Branches:
Dungeon (10/15)            Temple (1/1) D:6            Lair (2/6) D:10
    Orc (0/2) D:9
  Swamp: Lair:2-4    Shoals: Lair:2-4     Snake: Lair:2-4    Spider: Lair:2-4

Altars:
Cheibriados
Fedhas
Gozag
Nemelex Xobeh
Okawaru
Ru
Sif Muna
Vehumet
Beogh

Shops:
D:4 %   D:6 %

Annotations:
D:5 1 runed door


Innate Abilities, Weirdness & Mutations

You are too large for most types of armour.
You have tough skin. (AC +1)
You have large cloven feet.
Scrolls take you a little longer to read.
You possess an exceptional clarity of mind.
Your system is resistant to poisons. (rPois)
You are robust. (+10% HP)
Your spells are a little harder to cast, but a little more powerful.


Message History

The floor, spattered with blood.
You fade into invisibility!
The seven-headed hydra misses you. The seven-headed hydra bites you!
* * * LOW HITPOINT WARNING * * *
The seven-headed hydra barely misses you.
The seven-headed hydra bites you!
* * * LOW HITPOINT WARNING * * *
The seven-headed hydra barely misses you.
The seven-headed hydra bites you but does no damage.
The seven-headed hydra bites you.
* * * LOW HITPOINT WARNING * * *
You are very lightly contaminated with residual magic.
You feel much better. The seven-headed hydra bites you!
* * * LOW HITPOINT WARNING * * *
The seven-headed hydra bites you!
* * * LOW HITPOINT WARNING * * *
The seven-headed hydra bites you!
* * * LOW HITPOINT WARNING * * *
The seven-headed hydra misses you. The seven-headed hydra bites you!
You die...

.!...........
.............
............
...........
........#
#.#...###### ###
####....#.P#P###@#
...............D##
........##......#
....#.....+.....#
....#.......###.#
....#...#...# ..#
.#!#.....#P.....P
#.##..............
..
................


You could see a seven-headed hydra.

Vanquished Creatures
  Gastronok (Lair:1)
  The ghost of pedant the Spear-Bearer, a journeyman MiCK of Xom (Lair:1)
  2 two-headed ogres
  The ghost of thesun the Cleaver, a novice MiFi (D:9)
  Pikel (D:8)
  3 spiny frogs (Lair:1)
  3 komodo dragons
  4 hippogriffs
  A slime creature (D:10)
  A spriggan (D:8)
  2 basilisks (Lair:1)
  2 wyverns
  12 yaks
  Grum (Lair:1)
  A steam dragon (D:10)
  A vampire mosquito (D:10)
  A water moccasin (Lair:1)
  An ice beast (D:6)
  8 orc warriors
  A necrophage (D:8)
  A black bear (D:9)
  3 sky beasts
  A slave (D:8)
  3 ogres
  A phantom (D:9)
  7 wolves (Lair:1)
  6 centaurs
  A crocodile (Lair:1)
  A big kobold (D:10)
  3 bullfrogs
  6 scorpions
  4 killer bees (D:5)
  9 wights
  2 electric eels (D:10)
  A howler monkey (D:10)
  5 crimson imps
  7 orc priests
  A bullfrog skeleton (D:9)
  A centaur skeleton (D:8)
  2 hounds (D:8)
  Crazy Yiuf (D:3)
  4 jellies
  7 orc wizards
  Jessica (D:3)
  An iguana (D:8)
  4 worker ants
  A worker ant zombie (D:10)
  Robin (D:3)
  7 gnolls
  13 adders
  2 shadow imps
  11 oozes
  2 adder skeletons
  6 worms
  A dart slug (D:1)
  3 leopard geckos
  58 orcs
  7 giant cockroaches
  14 goblins
  8 hobgoblins
  9 jackals
  24 kobolds
  4 quokkas
  A ball python (D:3)
  4 bats
  3 frilled lizards
  A jackal skeleton (D:5)
  9 rats
  A butterfly (D:5)
321 creatures vanquished.

Vanquished Creatures (others)
  3 slaves (D:8)
  5 orcs
  5 fungi (D:2)
  A plant (D:10)
  A spectral weapon (Lair:2)
  4 toadstools (D:2)
19 creatures vanquished.

Grand Total: 340 creatures vanquished

Notes
Turn   | Place    | Note
-------+----------+-------------------------------------------
     0 | D:1      | Lasiace the Ogre Skald began the quest for the Orb.
     0 | D:1      | Reached XP level 1. HP: 22/22 MP: 3/3
    57 | D:1      | Reached skill level 3 in Fighting
   106 | D:1      | Reached XP level 2. HP: 23/31 MP: 1/5
   297 | D:1      | Learned a level 2 spell: Song of Slaying
   358 | D:1      | Reached skill level 4 in Fighting
   703 | D:2      | Reached XP level 3. HP: 38/40 MP: 1/6
   900 | D:2      | Reached skill level 5 in Fighting
  1407 | D:2      | Reached XP level 4. HP: 21/50 MP: 2/7
  1739 | D:2      | Reached skill level 6 in Fighting
  1864 | D:2      | Found a radiant altar of Vehumet.
  1869 | D:2      | Found a snail-covered altar of Cheibriados.
  2112 | D:2      | Reached XP level 5. HP: 33/59 MP: 2/8
  3085 | D:3      | Found a sparkling altar of Nemelex Xobeh.
  3441 | D:3      | Noticed Jessica
  3449 | D:3      | Killed Jessica
  3449 | D:3      | Reached XP level 6. HP: 64/67 MP: 6/9
  3615 | D:3      | Found a runed door.
  3942 | D:3      | Noticed Robin
  3953 | D:3      | Killed Robin
  4734 | D:3      | Noticed Crazy Yiuf
  4739 | D:3      | Killed Crazy Yiuf
  4962 | D:4      | Found Quwn's Food Shoppe.
  4988 | D:4      | Learned a level 3 spell: Regeneration
  4992 | D:4      | Learned a level 3 spell: Spectral Weapon
  5232 | D:4      | Found an opulent altar of Gozag.
  5287 | D:4      | Reached XP level 7. HP: 74/75 MP: 10/13
  5628 | D:4      | Found an iron altar of Okawaru.
  5636 | D:4      | Became a worshipper of Warmaster Okawaru
  5962 | D:5      | Entered Level 5 of the Dungeon
  5984 | D:5      | Reached skill level 5 in Maces & Flails
  6217 | D:5      | Gained mutation: Your spells are a little harder to cast, but a little more powerful. [mutagenic meat]
  6218 | D:5      | Gained mutation: You possess an exceptional clarity of mind. [mutagenic meat]
  6219 | D:5      | Gained mutation: Scrolls take you a little longer to read. [mutagenic meat]
  6220 | D:5      | Gained mutation: You have large cloven feet. [mutagenic meat]
  6816 | D:5      | Found a blossoming altar of Fedhas.
  6927 | D:5      | Reached XP level 8. HP: 83/83 MP: 11/14
  6948 | D:5      | Found a sacrificial altar of Ru.
  7023 | D:5      | Gained mutation: You have a pair of small horns on your head. [mutagenic meat]
  7024 | D:5      | Gained mutation: Your system is resistant to poisons. (rPois) [mutagenic meat]
  7025 | D:5      | Gained mutation: You are robust. (+10% HP) [mutagenic meat]
  7026 | D:5      | Lost mutation: You have a pair of small horns on your head. [mutagenic meat]
  7154 | D:5      | Found a runed door.
  7166 | D:5      | Found a runed door.
  7395 | D:5      | You fall through a shaft!
  7397 | D:6      | Found Zorabul's Food Boutique.
  7812 | D:5      | Reached skill level 5 in Charms
  7821 | D:5      | Reached * piety under Okawaru
  8756 | D:6      | Found a staircase to the Ecumenical Temple.
  8872 | Temple   | Entered the Ecumenical Temple
  9059 | D:6      | Reached XP level 9. HP: 93/97 MP: 12/15
  9646 | D:7      | Found a blossoming altar of Fedhas.
  9918 | D:7      | Found a deep blue altar of Sif Muna.
 10022 | D:8      | Noticed Pikel
 10050 | D:8      | Killed Pikel
 10050 | D:8      | Reached ** piety under Okawaru
 10050 | D:8      | Reached skill level 8 in Fighting
 10140 | D:8      | Reached skill level 9 in Fighting
 10523 | D:8      | Found a roughly hewn altar of Beogh.
 10571 | D:8      | Reached skill level 10 in Fighting
 10679 | D:8      | Reached *** piety under Okawaru
 10807 | D:8      | Reached XP level 10. HP: 62/121 MP: 16/16
 11112 | D:8      | Reached skill level 5 in Dodging
 11113 | D:8      | Noticed a two-headed ogre
 11817 | D:9      | Reached skill level 11 in Fighting
 12247 | D:8      | Reached **** piety under Okawaru
 12346 | D:9      | Noticed thesun's ghost (novice MiFi)
 12357 | D:9      | Killed thesun's ghost
 12357 | D:9      | Reached skill level 12 in Fighting
 12587 | D:9      | Reached skill level 1 in Invocations
 12685 | D:9      | Found a staircase to the Orcish Mines.
 12691 | D:9      | Noticed a two-headed ogre
 12701 | D:9      | Killed a two-headed ogre
 12722 | D:9      | Reached skill level 5 in Invocations
 12838 | D:9      | Found the amulet of the Air {Inacc +Fly rElec EV+5 RMsl}
 12846 | D:9      | Upgraded the game from 0.21-a0-538-gd16b88a to 0.21-a0-551-g3327e8e
 12888 | D:9      | Reached XP level 11. HP: 131/135 MP: 13/17
 13208 | D:10     | Entered Level 10 of the Dungeon
 13933 | D:10     | Reached ***** piety under Okawaru
 14073 | D:10     | Received a gift from Okawaru
 14107 | D:10     | Noticed Maurice
 14175 | D:10     | Paralysed by Maurice for 7 turns
 14185 | D:10     | Paralysed by something for 4 turns
 14456 | D:10     | Paralysed by something for 7 turns
 14739 | D:10     | Found a staircase to the Lair.
 15109 | D:10     | Reached skill level 1 in Throwing
 15225 | D:10     | Noticed a two-headed ogre
 15238 | D:10     | Killed a two-headed ogre
 15436 | D:10     | Found a staircase to the Lair.
 15594 | D:10     | Noticed Maurice
 15594 | D:10     | Maurice changed into Maurice the steam dragon
 15603 | D:10     | Killed Maurice the steam dragon
 15603 | D:10     | Received a gift from Okawaru
 15689 | Lair:1   | Entered Level 1 of the Lair of Beasts
 15753 | Lair:1   | Noticed pedant's ghost (journeyman MiCK)
 15767 | Lair:1   | Killed pedant's ghost
 15767 | Lair:1   | Received a gift from Okawaru
 15767 | Lair:1   | Reached skill level 5 in Throwing
 15776 | Lair:1   | Noticed Gastronok
 15787 | Lair:1   | Killed Gastronok
 16202 | Lair:1   | Received a gift from Okawaru
 16276 | Lair:1   | Reached XP level 12. HP: 68/145 MP: 16/18
 16304 | Lair:1   | Noticed Grum
 16314 | Lair:1   | Killed Grum
 16314 | Lair:1   | Received a gift from Okawaru
 17302 | Lair:2   | Received a gift from Okawaru
 17393 | Lair:2   | You fall through a shaft!
 17393 | Lair:3   | Noticed a seven-headed hydra
 17418 | Lair:3   | HP: 2/145 [seven-headed hydra (17)]
 17418 | Lair:3   | Mangled by a seven-headed hydra

Vault maps used:
D:1:      sevenhm_arrival_forest_fort_small_6
D:2:      cheibrodos_fertilizer, amethyst_overflow_temple_binary
D:3:      nemelex_xobeh_ov_fountains_minmay, first_bread, grunt_ministairs_10,
          uniq_jessica, uniq_crazy_yiuf_cottage, uniq_robin
D:4:      kennysheep_mini_moat, serial_shops, shop, okawaru_altar_gauntlet_db
D:5:      lemuel_insect_pit, fedhas_altar_2, nicolae_ru_awakened_eye
D:6:      minmay_temple_entry_statues_pillars, serial_shops, shop_fountains
D:7:      tgw_sif, basic_altar
D:8:      special_room, the_bakery, uniq_pikel
D:9:      orc_0_dummy, minmay_crystal_room
D:10:     minmay_distorted_concentric_squares, lair_entry_dummy,
          serial_bayou_pond_b, hangedman_decor_diamond_cutter, uniq_maurice
Temple:   regret_index_temple_sphere_string
Lair:1:   serial_bayou_shore_a, uniq_gastronok, uniq_grum
Lair:2:   portal_ice_cave_entry_pillars_2, st_stairs_8, bobbens_dragon_lair_wall
Lair:3:   grunt_megastairs_3

Skill      XL: |  1  2  3  4  5  6  7  8  9 10 11 12 |
---------------+-------------------------------------+-----
Fighting       | 3 4 5 6 10 12 | 12.1
Maces & Flails | 2 4 6 7 8 9 |  9.0
Spellcasting   | 4 |  4.0
Charms         | 3 6 |  6.1
Dodging        | 4 6 8 |  8.0
Invocations    | 5 6 |  6.1
Throwing       | 8 |  8.0
Hexes          | |  0.3

Action                   |  1- 3 |  4- 6 |  7- 9 | 10-12 || total
-------------------------+-------+-------+-------+-------++-------
Melee: Mace              |    89 |   201 |   194 |       ||   484
       Kick              |       |       |    70 |    97 ||   167
       Dire flail        |       |       |   147 |   381 ||   528
       Flail             |       |       |       |     1 ||     1
Throw: Stone             |    43 |   103 |    43 |       ||   189
       Tomahawk          |       |       |    21 |    26 ||    47
       Javelin           |       |       |       |     1 ||     1
 Cast: Infusion          |    21 |    42 |    40 |    45 ||   148
       Song of Slaying   |     2 |     1 |    12 |     1 ||    16
       Spectral Weapon   |       |       |     1 |     8 ||     9
       Regeneration      |       |       |       |     1 ||     1
Invok: Heroism           |       |       |       |     6 ||     6
Evoke: Wand              |       |       |    10 |     1 ||    11
  Use: Scroll            |     1 |     6 |     4 |     6 ||    17
       Potion            |       |       |     7 |     2 ||     9
 Stab: Distracted        |       |       |       |     1 ||     1
  Eat: Chunk             |     2 |    12 |    26 |    20 ||    60
       Royal jelly       |       |       |     1 |       ||     1
       Fruit             |       |       |       |     2 ||     2
Armor: Robe              |    18 |    55 |    78 |    53 ||   204
       Skin              |       |       |    12 |       ||    12
Dodge: Dodged            |    58 |    84 |   177 |   166 ||   485

Table legend:
 A = Spawn XP
 B = Non-spawn XP
 C = Spawn XP percentage of total XP
 D = Spawn monster count
 E = Non-spawn monster count
 F = Spawn count percentage of total count
 G = Total turns spent on level
                    A         B        C        D         E        F      G
               +---------+---------+-------+---------+---------+-------+---------
         Total |       0 |   22000 |   0.0 |       0 |     319 |   0.0 | 17418
               +---------+---------+-------+---------+---------+-------+---------
           D:1 |       0 |      24 |   0.0 |       0 |      13 |   0.0 |   623
           D:2 |       0 |     264 |   0.0 |       0 |      50 |   0.0 |  2456
           D:3 |       0 |     284 |   0.0 |       0 |      37 |   0.0 |  1747
           D:4 |       0 |     149 |   0.0 |       0 |      20 |   0.0 |  1539
           D:5 |       0 |     941 |   0.0 |       0 |      27 |   0.0 |  1685
           D:6 |       0 |     697 |   0.0 |       0 |      17 |   0.0 |  1062
           D:7 |       0 |     490 |   0.0 |       0 |      12 |   0.0 |  1096
           D:8 |       0 |    2696 |   0.0 |       0 |      47 |   0.0 |  1753
           D:9 |       0 |    3725 |   0.0 |       0 |      24 |   0.0 |  1465
          D:10 |       0 |    3692 |   0.0 |       0 |      42 |   0.0 |  2156
        Lair:1 |       0 |    7392 |   0.0 |       0 |      22 |   0.0 |  1582
        Lair:2 |       0 |    1561 |   0.0 |       0 |       7 |   0.0 |   122
        Lair:3 |       0 |      85 |   0.0 |       0 |       1 |   0.0 |    25
               +---------+---------+-------+---------+---------+-------+---------
